 Dungeon Crawl Stone Soup version 0.29.1-13-g9f3cf754e1 (webtiles) character file.

Game seed: 16289563684788882103

683 theswoord the Twirler (level 7, -2/50 HPs)
             Began as a Demonspawn Gladiator on Jan 26, 2023.
             Was an Initiate of Ru.
             Slain by a phantom (5 damage)
             ... on level 5 of the Dungeon.
             The game lasted 00:09:03 (5256 turns).

theswoord the Twirler (Demonspawn Gladiator)        Turns: 5256, Time: 00:09:05

Health: -2/50      AC: 10    Str: 16    XL:     7   Next: 35%
Magic:  0/7        EV: 11    Int: 11    God:    Ru [......]
Gold:   275        SH:  0    Dex: 17    Spells: 6/6 levels left

rFire   + . .      SeeInvis .   a - +1 quarterstaff
rCold   + + .      Faith    .   (shield currently unavailable)
rNeg    + . .      Spirit   +   f - +2 ring mail {rC+}
rPois   .          Reflect  .   c - +0 helmet
rElec   .          Harm     .   (no cloak)
rCorr   .          Rampage  .   (no gloves)
Will    .....                   l - +1 pair of boots
Stlth   +.........              j - amulet "Nysus" {Spirit rC+ rN+ Dex+2}
HPRegen 0.16/turn               p - ring of protection from fire
MPRegen 0.10/turn               (no ring)

@: mighty, about to teleport, attractive
A: demonic guardian 2, powered by pain 2, big brain 1, hooves 1, subdued magic 1
a: Renounce Religion


You were on level 5 of the Dungeon.
You worshipped Ru.
Ru was noncommittal.
You visited 2 branches of the dungeon, and saw 6 of its levels.

You collected 371 gold pieces.
You spent 96 gold pieces at shops.

Inventory:

Hand Weapons
 a - a +1 quarterstaff (weapon)
Missiles
 d - 2 throwing nets (quivered)
 e - 8 javelins
Armour
 b - a +0 leather armour
 c - a +0 helmet (worn)
 f - a +2 ring mail of cold resistance (worn)
 l - a +1 pair of boots (worn)
Jewellery
 j - the amulet "Nysus" (around neck) {Spirit rC+ rN+ Dex+2}
   (You found it on level 2 of the Dungeon)

   [amulet of guardian spirit]

   It causes incoming damage to be divided between your reserves of health and
   magic.
   Dex:       It affects your dexterity (+2).
   rC:        It protects you from cold.
   rN:        It protects you from negative energy.
 p - a ring of protection from fire (left hand)
Scrolls
 g - a scroll of teleportation
 k - 2 scrolls of enchant armour
 n - 2 scrolls of identify
Potions
 h - a potion of flight


   Skills:
 - Level 2.0 Fighting
 + Level 7.9 Staves
 - Level 1.7 Throwing
 - Level 2.6 Dodging


You had 6 spell levels left.
You didn't know any spells.
Your spell library was empty.

Dungeon Overview and Level Annotations

Branches:
Dungeon (5/15)             Temple (1/1) D:4

Altars:
Ashenzari
Cheibriados
Dithmenos
Gozag
Hepliaklqana
Kikubaaqudgha
Makhleb
Okawaru
Qazlal
Ru
Trog
Uskayaw
Wu Jian
Xom
Yredelemnul

Shops:
D:2 !

Annotations:
D:5 Duvessa, Eustachio


Innate Abilities, Weirdness & Mutations

A demonic guardian rushes to your aid.
You sometimes gain power by taking damage.
You have an unusually large brain. (Int +2)
You have large cloven feet.
Your spells are a little easier to cast, but a little less powerful.


Message History

Dowan is almost dead.
You kill Dowan!
Duvessa weeps, and shakes her weapon.
Duvessa goes berserk!
The centaur is engulfed in poison gas.
The centaur looks even sicker.
The centaur unwields a +0 shortbow.
The centaur hits you but does no damage.
The centaur barely misses you. The phantom hits you.
* * * LOW HITPOINT WARNING * * *
The phantom blinks!
You blink.
You closely miss the phantom. The phantom hits you.
* * * LOW HITPOINT WARNING * * *
Unknown command.
The phantom hits you but does no damage.
You hit the phantom but do no damage. The phantom barely misses you.
You closely miss the phantom.
The phantom hits you but does no damage.
Duvessa is attracted toward you.
You hit Duvessa.
Duvessa is lightly wounded.
Duvessa hits you with a +0 antimagic rapier!
* * * LOW HITPOINT WARNING * * *
You feel your power leaking away. The phantom hits you.
* * * LOW HITPOINT WARNING * * *
You feel better. Duvessa closely misses you. The phantom barely misses you.
Duvessa hits you with a +0 antimagic rapier.
* * * LOW HITPOINT WARNING * * *
The centaur is attracted toward you.
As you read the scroll of teleportation, it crumbles to dust.
You feel strangely unstable.
Duvessa looks more healthy.
Duvessa completely misses you. The phantom hits you.
* * * LOW HITPOINT WARNING * * *
You hit the centaur.
You kill the centaur!
Duvessa hits you with a +0 antimagic rapier!
* * * LOW HITPOINT WARNING * * *
A demonic guardian appears!
You focus on the pain.
You feel very mighty all of a sudden. The phantom hits you.
You die...

#.................$.........
###...........................
.................>........... ##
#...........))..............
...##...............#.....######
...#..........#..#........#
.........$....#.#†........#
#.............#)<....#....#
.###...........@W§☼§##....#
...............e4○§§§##.).#
#####..........[.#§§☼§....#
#..........#.§..#§.....#
#####).............#..☼....######
....).........☼§§..#....#.#§.....
.####..........○○§○#.)....#§.....
..............§§☼§§...c#..#...[.W
######...............e...........


You could see Duvessa (berserk, ally target), a phantom and a friendly orange
demon (summoned).

Vanquished Creatures
  Sigmund (D:5)
  An ice beast (D:5)
  A centaur (D:5)
  Dowan (D:5)
  A jelly (D:4)
  2 hounds (D:5)
  An iguana (D:4)
  An orc wizard (D:4)
  Robin (D:3)
  An adder (D:2)
  4 gnolls
  An ufetubus (D:5)
  A worm (D:2)
  4 dart slugs
  6 orcs
  10 ball pythons
  12 endoplasms
  3 giant cockroaches
  11 goblins
  5 hobgoblins
  A jackal (D:5)
  10 kobolds
  6 quokkas
  2 bats
  5 frilled lizards
  3 rats (D:1)
95 creatures vanquished.

Vanquished Creatures (collateral kills)
  2 orc priests (D:5)
  A jackal (D:5)
  A quokka (D:5)
  A ball python (D:4)
5 creatures vanquished.

Grand Total: 100 creatures vanquished

Notes
Turn   | Place    | Note
-------+----------+-------------------------------------------
     0 | D:1      | theswoord the Demonspawn Gladiator began the quest for the
                  | Orb.
     0 | D:1      | Reached XP level 1. HP: 16/16 MP: 1/1
   165 | D:1      | Reached skill level 3 in Staves
   447 | D:1      | Found a faded altar of an unknown god.
   528 | D:1      | Gained mutation: A weak demonic guardian rushes to your
                  | aid. [demonic ancestry]
   528 | D:1      | Reached XP level 2. HP: 10/22 MP: 2/2
  1520 | D:2      | Reached XP level 3. HP: 6/27 MP: 3/3
  1832 | D:2      | Reached skill level 4 in Staves
  2046 | D:2      | Identified the amulet "Nysus" {Spirit rC+ rN+ Dex+2}
  2260 | D:2      | Found Raxkaphe's Distillery.
  2263 | D:2      | Bought a potion of mutation for 96 gold pieces
  2263 | D:2      | Gained mutation: You have large cloven feet. [potion of
                  | mutation]
  2263 | D:2      | Gained mutation: Your spells are a little easier to cast,
                  | but a little less powerful. [potion of mutation]
  2497 | D:2      | HP: 1/27 [gnoll/+0 whip (2)]
  2510 | D:2      | Gained mutation: You sometimes gain a little power by
                  | taking damage. [demonic ancestry]
  2510 | D:2      | Reached XP level 4. HP: 6/33 MP: 1/4
  3271 | D:3      | Noticed Robin
  3300 | D:3      | Reached skill level 5 in Staves
  3317 | D:3      | Killed Robin
  3797 | D:4      | Gained mutation: A demonic guardian rushes to your aid.
                  | [demonic ancestry]
  3797 | D:4      | Reached XP level 5. HP: 38/38 MP: 5/5
  4144 | D:4      | Found a large runed translucent door.
  4145 | D:4      | Found a large runed translucent door.
  4270 | D:4      | Found a stormy altar of Qazlal.
  4341 | D:4      | Found a hide-covered altar of Uskayaw.
  4442 | D:4      | Reached skill level 6 in Staves
  4524 | D:4      | Found a staircase to the Ecumenical Temple.
  4635 | Temple   | Entered the Ecumenical Temple
  4658 | Temple   | Became a worshipper of Ru the Awakened
  4765 | D:5      | Entered Level 5 of the Dungeon
  4825 | D:5      | Noticed Sigmund
  4837 | D:5      | Gained mutation: You have an unusually large brain. (Int
                  | +2) [demonic ancestry]
  4837 | D:5      | Reached XP level 6. HP: 34/44 MP: 4/6
  4864 | D:5      | Killed Sigmund
  4865 | D:5      | Reached skill level 7 in Staves
  5182 | D:5      | Gained mutation: You sometimes gain power by taking damage.
                  | [demonic ancestry]
  5182 | D:5      | Reached XP level 7. HP: 46/50 MP: 7/7
  5226 | D:5      | Noticed Dowan
  5226 | D:5      | Noticed Eustachio
  5246 | D:5      | Noticed Duvessa
  5248 | D:5      | Killed Dowan
  5256 | D:5      | Slain by a phantom

Skill      XL: |  1  2  3  4  5  6 |
---------------+-------------------+-----
Staves         | 3 4 5 6 7 |  7.9
Fighting       | |  2.0
Throwing       | |  1.7
Dodging        | |  2.6

Action                   |  1- 3 |  4- 6 |  7- 9 || total
-------------------------+-------+-------+-------++-------
Melee: Quarterstaff      |   119 |   207 |    17 ||   343
       Kick              |     1 |       |       ||     1
Throw: Throwing net      |     1 |     1 |       ||     2
  Use: Potion            |     4 |     1 |     2 ||     7
       Scroll            |       |     8 |     3 ||    11
 Stab: Held in net/web   |     1 |     1 |       ||     2
Armor: Leather armour    |    22 |       |       ||    22
       Ring mail         |    25 |    86 |    13 ||   124
       Skin              |       |    11 |       ||    11
Dodge: Dodged            |    77 |    97 |    16 ||   190

Levels and vault maps discovered:
D:1:      dpeg_arrival_oval, layout_loops_corners,
          shapermc_ecumenical_altar_mp_ritualfount, minmay_misc_feat_alley
D:2:      layout_loops_corners, serial_shops, nicolae_shop_trees
D:3:      layout_rooms, uniq_robin
D:4:      layout_cave_pools, jmf_multi_god_temple2,
          minmay_temple_entry_poolview, kennysheep_potato
D:5:      layout_rooms, nicolae_ossuary_entry_catacombs, uniq_eustachio,
          uniq_duvessa, uniq_sigmund
Temple:   nicolae_temple_bog_church
